 Dungeon Crawl Stone Soup version 0.18-a0-750-g37044d6 (webtiles) character file.

22741 countzero the Cleaver (level 13, -1/113 HPs)
             Began as a Ghoul Berserker on Dec 12, 2015.
             Was a High Priest of Trog.
             Slain by a komodo dragon (13 damage)
             ... on level 5 of the Lair of Beasts.
             The game lasted 00:50:35 (13348 turns).

countzero the Cleaver (Ghoul Berserker)            Turns: 13348, Time: 00:50:35

Health: -1/113     AC: 19    Str: 25    XL:     13   Next: 2%
Magic:  12/12      EV:  9    Int:  9    God:    Trog [*****.]
Gold:   1069       SH:  0    Dex:  8    Spells: 0 memorised, 12 levels left

rFire  + . .     SeeInvis +     A - +8 broad axe "Irghammonn" {drain, *Drain Int+6 SInv}
rCold  + . .     Clarity  .     x - +0 plate armour
rNeg   + + +     SustAt   .     (no shield)
rPois  ∞         Gourm    .     (no helmet)
rElec  .         Spirit   .     (no cloak)
rCorr  .         Dismiss  .     o - +1 pair of gloves
rMut   .         Stasis   .     (no boots)
MR     .....                    y - amulet of faith
Stlth  ..........               r - +3 ring of protection
                                a - ring of protection from fire

@: rotting, not resistant to hostile enchantments, extremely unstealthy
A: rotting body, claws 1, carnivore 3, cold resistance 1, negative energy
resistance 3, slow regeneration 1, torment resistance, unbreathing
a: Trog's Hand, Brothers in Arms, Burn Spellbooks, Renounce Religion


You were on level 5 of the Lair of Beasts.
You worshipped Trog.
Trog was extremely pleased with you.
You were not hungry.

You visited 2 branches of the dungeon, and saw 15 of its levels.

You collected 1069 gold pieces.

Inventory:

Hand Weapons
 A - the +8 broad axe "Irghammonn" (weapon) {drain, *Drain Int+6 SInv}
   (Trog gifted it to you on level 7 of the Dungeon)

   A truly terrible weapon, it drains the life of those it strikes.
   It affects your intelligence (+6).
   It lets you see invisible.
   It causes draining when unequipped.
Missiles
 f - 3 poisoned javelins (quivered)
Armour
 o - a +1 pair of gloves (worn)
 x - a +0 plate armour (worn)
Jewellery
 a - a ring of protection from fire (left hand)
 r - a +3 ring of protection (right hand)
 y - an amulet of faith (around neck)
Wands
 j - a wand of fire (1)
 B - a wand of teleportation (5)
 G - a wand of polymorph (7)
 H - a wand of lightning (7)
 I - a wand of fireball (7)
Scrolls
 b - a scroll of enchant weapon
 e - a scroll of recharging
 q - a scroll of enchant armour
 s - 5 scrolls of teleportation
 D - 4 scrolls of remove curse
 J - a scroll of fog
 N - a scroll of brand weapon
Potions
 l - 2 potions of invisibility
 m - 3 potions of haste
 n - a potion of might
 p - a potion of flight
 t - 2 potions of curing
 v - a potion of berserk rage {unknown}
 w - a potion of ambrosia
 z - a potion of agility {unknown}
Miscellaneous
 C - a stone of tremors
Comestibles
 c - 12 meat rations
 d - 3 slices of pizza
 g - 4 beef jerkies
 h - 26 chunks of flesh
 k - 17 royal jellies


   Skills:
 + Level 10.1 Fighting
 * Level 11.9 Axes
 + Level 7.0 Throwing
 + Level 8.9 Armour
 + Level 8.2 Dodging


You had 12 spell levels left.
You didn't know any spells.

Dungeon Overview and Level Annotations

Branches:
Dungeon (10/15)            Temple (0/1) D:5            Lair (5/8) D:8
 Shoals (0/4) Lair:3
  Snake: Lair:3-6    Spider: Lair:3-6       Orc: D:9-12

Altars:
Nemelex Xobeh
Sif Muna
Vehumet
Yredelemnul
Lugonu

Shops:
D:10 %:


Innate Abilities, Weirdness & Mutations

Your body is rotting away.
You thrive on raw meat.
You are immune to poison.
You have sharp fingernails.
You are carnivorous and can eat meat at any time.
Your flesh is cold resistant.
You are immune to negative energy.
You regenerate slowly when monsters are visible.
You are immune to unholy pain and torment.
You can survive without breathing.


Message History

The spiny frog is almost dead.
The spiny frog stings you but does no damage.
The komodo dragon bites something!!
You closely miss the spiny frog.
The spiny frog is almost dead.
The spiny frog closely misses you. The komodo dragon bites you!
You slash the komodo dragon!
The komodo dragon is lightly wounded.
You closely miss the spiny frog.
The spiny frog is almost dead.
The spiny frog stings you!
* * * LOW HITPOINT WARNING * * *
Something bites the fungus!!
The fungus is destroyed!
The komodo dragon bites you!!
* * * LOW HITPOINT WARNING * * *
Your plate armour prevents you from hitting the komodo dragon.
The komodo dragon is lightly wounded.
You barely miss the death yak. The komodo dragon bites you!
You die...

.................
...............P.#
.................##
...................
####....%.........
#####...........
#.l......#....
##YF#....#....
#@l#..........
####..........
##.............
####..#........#.
#.#..#..........#
##..P............
#.#P.............
##.............(.
#................


You could see a death yak, 2 komodo dragons and a spiny frog.

Vanquished Creatures
  A fire dragon (Lair:1)
  A griffon (Lair:1)
  5 spiny frogs
  2 sirens (Lair:3)
  2 black mambas
  A fire drake (Lair:3)
  3 komodo dragons
  A two-headed ogre (D:10)
  A merfolk (Lair:3)
  A troll (D:9)
  A queen bee (D:9)
  3 wraiths (D:9)
  A deep elf mage (D:9)
  7 hippogriffs
  13 yaks
  A steam dragon (Lair:4)
  A basilisk (Lair:3)
  5 wolves (Lair:2)
  7 water moccasins
  7 porcupines
  3 phantoms
  3 orc warriors
  2 sky beasts
  3 ice beasts
  3 ogres
  7 crocodiles
  2 black bears
  A necrophage (D:10)
  3 centaurs
  An elf zombie (D:9)
  11 giant frogs
  2 big kobolds (D:8)
  A wyvern skeleton (D:8)
  A scorpion (Lair:1)
  A troll zombie (D:9)
  47 killer bees
  10 wights
  6 crimson imps
  2 human zombies (D:9)
  A wasp zombie (D:10)
  3 giant frog skeletons
  A centaur skeleton (D:8)
  3 hounds
  5 iguanas
  A jelly (D:8)
  A human skeleton (D:9)
  12 orc wizards
  3 worker ants
  4 orc priests
  15 sheep (Lair:3)
  2 killer bee zombies
  2 mummies (D:9)
  2 hound skeletons
  9 gnolls
  11 adders
  28 river rats
  4 shadow imps
  An adder zombie (D:8)
  A worm (D:3)
  7 giant geckos
  31 orcs
  3 ball pythons
  5 goblins
  11 hobgoblins
  A ball python skeleton (D:5)
  15 bats
  8 giant cockroaches
  A giant gecko zombie (D:6)
  5 giant newts
  20 jackals
  15 kobolds
  An orc zombie (D:9)
  5 quokkas
  A quokka zombie (D:5)
  10 rats
  A fungus (Lair:1)
  3 plants
425 creatures vanquished.

Vanquished Creatures (collateral kills)
  A hydra (Lair:3)
  6 death yaks (Lair:5)
  3 river rats (Lair:5)
10 creatures vanquished.

Vanquished Creatures (others)
  2 fungi (Lair:5)
  3 plants (D:10)
5 creatures vanquished.

Grand Total: 440 creatures vanquished

Notes
Turn   | Place    | Note
--------------------------------------------------------------
     0 | D:1      | countzero the Ghoul Berserker began the quest for the Orb.
     0 | D:1      | Reached XP level 1. HP: 19/19 MP: 0/0
   152 | D:1      | Reached XP level 2. HP: 2/26 MP: 1/1
  1433 | D:1      | Reached XP level 3. HP: 27/31 MP: 2/2
  1463 | D:1      | Reached ** piety under Trog
  2116 | D:2      | Reached XP level 4. HP: 37/39 MP: 3/3
  2619 | D:2      | Reached *** piety under Trog
  2694 | D:3      | Reached XP level 5. HP: 46/46 MP: 4/4
  2760 | D:3      | Reached skill level 4 in Axes
  2909 | D:3      | Found a faded altar to an unknown god.
  3275 | D:3      | Reached XP level 6. HP: 52/52 MP: 5/5
  3516 | D:3      | Reached **** piety under Trog
  4632 | D:5      | Entered Level 5 of the Dungeon
  4931 | D:5      | Reached XP level 7. HP: 57/60 MP: 6/6
  4932 | D:5      | Found a staircase to the Ecumenical Temple.
  4967 | D:5      | Reached skill level 5 in Axes
  5187 | D:6      | Found a sparkling altar of Nemelex Xobeh.
  5242 | D:6      | Reached skill level 5 in Fighting
  5343 | D:6      | Reached ***** piety under Trog
  5442 | D:6      | Reached XP level 8. HP: 61/68 MP: 7/7
  5753 | D:6      | Reached skill level 6 in Axes
  5762 | D:6      | Found a deep blue altar of Sif Muna.
  6324 | D:7      | Received a gift from Trog
  6324 | D:7      | Reached skill level 7 in Axes
  6324 | D:7      | Reached skill level 5 in Armour
  6324 | D:7      | Reached XP level 9. HP: 28/75 MP: 8/8
  6329 | D:7      | Got a transparent broad axe {god gift}
  6355 | D:7      | Identified the +8 broad axe "Irghammonn" {drain, *Drain Int+6 SInv} (Trog gifted it to you on level 7 of the Dungeon)
  6614 | D:8      | Reached skill level 5 in Dodging
  6662 | D:8      | Reached skill level 1 in Throwing
  7032 | D:8      | Reached skill level 8 in Axes
  7120 | D:8      | Received a gift from Trog
  7123 | D:8      | Reached XP level 10. HP: 84/86 MP: 9/9
  7259 | D:8      | Found a staircase to the Lair.
  7881 | D:9      | Found a radiant altar of Vehumet.
  8184 | D:9      | Found a basalt altar of Yredelemnul.
  8196 | D:9      | Reached skill level 9 in Axes
  8534 | D:9      | Received a gift from Trog
  8700 | D:9      | Reached XP level 11. HP: 94/94 MP: 10/10
  8840 | D:10     | Entered Level 10 of the Dungeon
  8840 | D:10     | Found Ycwy Ewo's Book Emporium.
  8884 | D:10     | Found Tasoem's Food Shop.
  9100 | D:10     | Reached skill level 10 in Axes
  9536 | D:10     | Found a corrupted altar of Lugonu.
  9544 | D:10     | Noticed a soul eater
  9804 | Lair:1   | Entered Level 1 of the Lair of Beasts
  9823 | Lair:1   | Identified a scroll of acquirement
 10004 | Lair:1   | Received a gift from Trog
 10060 | Lair:1   | Noticed a fire dragon
 10070 | Lair:1   | HP: 1/95 [fire dragon (8)]
 10072 | Lair:1   | Killed a fire dragon
 10072 | Lair:1   | Reached skill level 5 in Throwing
 10792 | Lair:2   | Reached ****** piety under Trog
 10955 | Lair:2   | Reached XP level 12. HP: 73/104 MP: 11/11
 11019 | Lair:2   | Received a gift from Trog
 11673 | Lair:3   | Reached skill level 11 in Axes
 12150 | Lair:3   | Found a staircase to the Shoals.
 12224 | Lair:3   | Noticed a five-headed hydra
 12240 | Lair:3   | Killed an 11-headed hydra
 12445 | Lair:4   | Received a gift from Trog
 13236 | Lair:5   | Noticed a death yak
 13237 | Lair:5   | Noticed a death yak
 13238 | Lair:5   | Noticed a death yak
 13238 | Lair:5   | Noticed a death yak
 13239 | Lair:5   | Noticed a death yak
 13239 | Lair:5   | Noticed a death yak
 13247 | Lair:5   | Killed a death yak
 13258 | Lair:5   | Killed a death yak
 13262 | Lair:5   | Killed a death yak
 13262 | Lair:5   | Killed a death yak
 13263 | Lair:5   | Killed a death yak
 13263 | Lair:5   | Reached skill level 10 in Fighting
 13264 | Lair:5   | Killed a death yak
 13264 | Lair:5   | Reached XP level 13. HP: 60/113 MP: 12/12
 13348 | Lair:5   | Slain by a komodo dragon

Vault maps used:
D:1:      minmay_arrival_floating_metal, grunt_decor_arrowhead
D:2:      first_bread
D:3:      ecumenical_altar_1, serial_forest, infiniplex_forest_straight_3,
          infiniplex_forest_corner_1, infiniplex_forest_clump_large,
          infiniplex_forest_lined_3_way, infiniplex_forest_corner_1,
          infiniplex_forest_clump_small, infiniplex_forest_clump_diagonal,
          minmay_strange_pillars
D:4:      wad_woods_tower
D:5:      minmay_temple_entry_junction2
D:6:      kennysheep_orc_sif_temple, nemelex_xobeh_ov_fountains_minmay,
          grunt_ministairs_9
D:8:      lair_0_dummy, minmay_misc_feat_roman
D:9:      lemuel_mausoleum_altar_yredelemnul, basic_altar, special_room
D:10:     kennysheep_kobold_lugonu_temple, serial_shops, shop,
          nicolae_shop_waterfront
Lair:1:   dragon1_lemuel
Lair:3:   elwin_shoals_entry_rooms, infiniplex_staircase_pool,
          lemuel_fruit_fields
Lair:5:   spider_nest_entry_rubble, beast_lair_carwin_2

Action                   |  1- 3 |  4- 6 |  7- 9 | 10-12 | 13-15 || total
-------------------------+-------+-------+-------+-------+-------++-------
Melee: Hand axe          |   147 |   230 |   210 |       |       ||   587
       Broad axe         |       |       |    93 |   644 |    13 ||   750
Throw: Javelin           |       |       |       |     3 |       ||     3
Invok: Burn Spellbooks   |       |       |     2 |       |     1 ||     3
       Brothers in Arms  |       |       |       |     3 |       ||     3
       Trog's Hand       |       |       |       |     1 |       ||     1
Evoke: Wand              |       |       |       |     1 |       ||     1
  Use: Scroll            |       |    12 |     6 |     9 |       ||    27
       Potion            |       |       |       |     2 |       ||     2
  Eat: Chunk             |    20 |    27 |    41 |    98 |     2 ||   188
